 Dungeon Crawl Stone Soup version 0.19.1 (console) character file.

29 Jesseh the Shield-Bearer (level 3, -6/26 HPs)
             Began as a Halfling Fighter on Nov 24, 2016.
             Mangled by a gnoll
             ... wielding a +0 whip
              (8 damage)
             ... on level 2 of the Dungeon.
             The game lasted 00:03:33 (1163 turns).

Jesseh the Shield-Bearer (Halfling Fighter)         Turns: 1163, Time: 00:03:34

Health: -6/26      AC:  6    Str: 17    XL:     3   Next: 32%
Magic:  3/3        EV: 11    Int:  6    God:
Gold:   69         SH:  0    Dex: 14    Spells: 0 memorised, 2 levels left

rFire  . . .     SeeInvis +     j - +0 dagger
rCold  . . .     Gourm    .     b - +0 scale mail
rNeg   . . .     Faith    .     (shield restricted)
rPois  .         Spirit   .     (no helmet)
rElec  .         Reflect  .     (no cloak)
rCorr  .         Harm     .     (no gloves)
MR     .....                    (no boots)
Stlth  ..........               (no amulet)
                                (no ring)
                                n - ring of see invisible

@: no status effects
A: mutation resistance 1
a: no special abilities


You were on level 2 of the Dungeon.
You were not hungry.

You visited 1 branch of the dungeon, and saw 2 of its levels.

You collected 69 gold pieces.

Inventory:

Hand Weapons
 a - a +0 long sword
 j - a +0 dagger (weapon)
   (You took it off a kobold on level 1 of the Dungeon)
Armour
 b - a +0 scale mail (worn)
 c - a +0 shield
Jewellery
 n - a ring of see invisible (left hand)
   (You found it on level 2 of the Dungeon)
Scrolls
 h - 3 scrolls of identify {unknown}
 i - a scroll of immolation {unknown}
 m - a scroll of enchant weapon {unknown}
Potions
 d - a potion of might
 e - 3 potions of agility {unknown}
 l - a potion of brilliance {unknown}
Comestibles
 f - a bread ration
 o - a meat ration


   Skills:
 + Level 3.1 Fighting
 + Level 2.6 Long Blades
 - Level 3.2 Armour
 + Level 3.7 Shields


You had 2 spell levels left.
You didn't know any spells.

Dungeon Overview and Level Annotations

Branches:
Dungeon (2/15)

Altars:


Innate Abilities, Weirdness & Mutations

You are small and have problems with some larger weapons.
You are somewhat resistant to further mutation.


Message History

You see here a frilled lizard corpse.
You butcher the frilled lizard corpse.
g - 3 chunks of flesh (gained 1)
You see here a frilled lizard skeleton.
Done exploring.
There is an open door here.
There is a stone staircase leading down here.
You climb downwards.
There is a stone staircase leading up here.
Some of the chunks of flesh in your inventory have rotted away.
Found a stone staircase leading up.
m - a scroll labeled KYUVIBR BOYNT
Found a stone staircase leading down.
n - a large bronze ring Put on which piece of jewellery? (? for menu, Esc to quit)
n - a ring of see invisible (left hand)
o - a meat ration Some of the chunks of flesh in your inventory have rotted away. 2 gnolls come into view.
The gnoll shouts! x2; You hear a shout!
A gnoll comes into view. It is wielding a whip.
The gnoll shouts!
The gnoll hits you but does no damage. The gnoll barely misses you.
You see here 15 poisoned needles.
You hit the gnoll. The gnoll barely misses you.
The gnoll hits you from afar with a spear.
You hit the gnoll.
The gnoll hits you from afar with a spear!
The gnoll hits you but does no damage.
You hit the gnoll but do no damage. The gnoll hits you with a spear.
The gnoll misses you.
You are too injured to fight recklessly!
You are too injured to fight recklessly!
You are too injured to fight recklessly!
You are too injured to fight recklessly!
You are too injured to fight recklessly!
You are too injured to fight recklessly!
You closely miss the gnoll. The gnoll hits you but does no damage.
The gnoll closely misses you.
You hit the gnoll.
The gnoll hits you from afar with a spear.
* * * LOW HITPOINT WARNING * * *
The gnoll hits you but does no damage.
You hit the gnoll.
Your scale mail prevents you from hitting the gnoll.
The gnoll hits you but does no damage. The gnoll misses you.
The gnoll hits you but does no damage.
There is a stone staircase leading up here.
The gnoll hits you from afar with a spear.
* * * LOW HITPOINT WARNING * * *
You climb upwards.
There is a stone staircase leading down here.
There is an open door here.
You start resting.
All of the chunks of flesh in your inventory have rotted away.
You are feeling hungry.
You start eating the fruit.
Mmm - a full handful of grapes!
You start resting.
There is an open door here.
There is a stone staircase leading down here.
You climb downwards.
The gnoll hits you but does no damage.
There is a stone staircase leading up here.
You hit the gnoll. The gnoll hits you but does no damage.
You hit the gnoll. You closely miss the gnoll.
The gnoll hits you from afar with a spear.
You hit the gnoll but do no damage. The gnoll barely misses you. x2
You barely miss the gnoll. The gnoll hits you with a whip.
The gnoll barely misses you.
You hit the gnoll. The gnoll hits you with a whip.
The gnoll closely misses you.
You closely miss the gnoll. The gnoll barely misses you. x2
You hit the gnoll but do no damage. The gnoll closely misses you.
The gnoll hits you from afar with a spear.
You are too injured to fight recklessly!
You are too injured to fight recklessly!
You are too injured to fight recklessly!
You are too injured to fight recklessly!
You are too injured to fight recklessly!
You are too injured to fight recklessly!
You barely miss the gnoll. The gnoll closely misses you.
The gnoll barely misses you.
You closely miss the gnoll. The gnoll barely misses you.
You hit the gnoll but do no damage. The gnoll barely misses you.
The gnoll closely misses you.
You closely miss the gnoll. The gnoll closely misses you.
You hit the gnoll but do no damage. The gnoll hits you but does no damage.
The gnoll hits you from afar with a spear.
* * * LOW HITPOINT WARNING * * *
You hit the gnoll. The gnoll barely misses you. x2
You hit the gnoll but do no damage. The gnoll hits you with a whip.
* * * LOW HITPOINT WARNING * * *
The gnoll barely misses you.
You hit the gnoll but do no damage. The gnoll hits you with a whip.
* * * LOW HITPOINT WARNING * * *
The gnoll hits you from afar with a spear.
* * * LOW HITPOINT WARNING * * *
You hit the gnoll. The gnoll hits you with a whip!
You die...

▒......................▒.▒▒
▒............▒▒...........▒.
▒▒▒▒▒.▒▒▒▒▒▒.▒▒.............
▒.▒ ▒....>...........
▒.▒▒▒▒▒▒▒▒▒..▒.▒.▒.▒▒▒▒.
▒............▒.▒.▒.▒
▒.▒▒▒▒▒▒▒......▒.▒.▒
▒.▒▒▒▒▒▒▒.▒..▒▒▒.▒.▒
▒▒▒......p▒.▒▒▒▒▒..▒.▒
▒........g▒.▒ ▒.▒▒.▒
▒.▒▒▒▒..▒g▒.▒ ▒.▒▒.▒ ▒.▒
▒..▒g▒.▒▒▒▒▒.▒▒.▒ ▒.▒
▒..▒.▒.......▒▒.▒ ▒.▒
▒..▒.▒▒▒▒▒▒▒▒▒▒.▒
▒.▒▒▒▒.........gg....▒
▒....................▒
▒<........................▒


You could see 3 gnolls.

Vanquished Creatures
  2 giant cockroaches (D:1)
  2 goblins (D:1)
  6 hobgoblins (D:1)
  4 kobolds (D:1)
  6 bats (D:1)
  2 frilled lizards (D:1)
  6 rats (D:1)
28 creatures vanquished.

Notes
Turn   | Place    | Note
-------+----------+-------------------------------------------
     0 | D:1      | Jesseh the Halfling Fighter began the quest for the Orb.
     0 | D:1      | Reached XP level 1. HP: 15/15 MP: 1/1
   223 | D:1      | Reached XP level 2. HP: 20/20 MP: 2/2
   382 | D:1      | Reached skill level 3 in Fighting
   382 | D:1      | Reached XP level 3. HP: 15/26 MP: 3/3
  1162 | D:2      | HP: 6/26 [gnoll/whip (2)]
  1162 | D:2      | HP: 2/26 [gnoll/spear (4)]
  1163 | D:2      | Mangled by a gnoll

Skill      XL: |  1  2 |
---------------+-------+-----
Fighting       | 3 |  3.1
Long Blades    | |  2.6
Armour         | |  3.2
Shields        | |  3.7

Action                   || total
-------------------------++-------
Melee: Long sword        ||    22
       Dagger            ||    83
  Eat: Fruit             ||     1
Armor: Scale mail        ||    40
Dodge: Dodged            ||    63
Block: Shield            ||     7
       Rpst.: Long sword ||    10

Vault maps used:
D:1:      elethiomel_arrival_quiet, serial_bayou_ford_a, minmay_split_cup_large
D:2:      lemuel_coloured_pillars_altar

Table legend:
 A = Turns spent in this place as a percentage of turns spent in the entire game.
 B = Non-inter-level travel turns spent in this place as a percentage of non-inter-level travel turns spent in the entire game.
 C = Inter-level travel turns spent in this place as a percentage of turns spent in this place.
 D = Turns resting spent in this place as a percentage of non-inter-level travel turns spent in this place.
 E = Turns spent auto-exploring this place as a percentage of non-inter-level travel turns spent in this place.
 F = Non-inter-level travel turns spent in this place divided by the number of levels of this place that you've seen.
                   A       B       C       D       E      F
               +-------+-------+-------+-------+-------+----------------------
         Total | 100.0 | 100.0 |   0.3 |   2.3 |   8.0 | 175.0
       Dungeon | 100.0 | 100.0 |   0.3 |   2.3 |   8.0 | 175.0
               +-------+-------+-------+-------+-------+----------------------

Table legend:
 A = Kills in this place as a percentage of kills in entire the game.
 B = Kills by you in this place as a percentage of kills by you in the entire game.
 C = Kills by friends in this place as a percentage of kills by friends in the entire game.
 D = Other kills in this place as a percentage of other kills in the entire game.
 E = Experience gained in this place as a percentage of experience gained in the entire game.
 F = Experience gained in this place divided by the number of levels of this place that you have seen.
                   A       B       C       D       E      F
               +-------+-------+-------+-------+-------+----------------------
         Total | 100.0 | 100.0 |  -nan |  -nan | 100.0 |  21.0
       Dungeon | 100.0 | 100.0 |  -nan |  -nan | 100.0 |  21.0
               +-------+-------+-------+-------+-------+----------------------
